 Dungeon Crawl Stone Soup version 0.16-a0-2934-g71f8417 (webtiles) character file.

654 Pikaro the Destroyer (level 7, -1/36 HPs)
             Began as a Deep Elf Conjurer on Dec 3, 2014.
             Was an Initiate of Vehumet.
             Slain by a sky beast (6 damage)
             ... on level 4 of the Dungeon.
             The game lasted 00:27:59 (8591 turns).

Pikaro the Destroyer (Deep Elf Conjurer)            Turns: 8591, Time: 00:27:59

Health: -1/36      AC:  3    Str:  5    XL:     7   Next: 29%
Magic:  2/20       EV: 13    Int: 22    God:    Vehumet [......]
Gold:   212        SH:  0    Dex: 15    Spells: 3 memorised, 2 levels left

rFire  . . .     SeeInvis .     e - -3 mace (curse)
rCold  . . .     Clarity  .     a - +1 robe
rNeg   . . .     SustAb   .     (no shield)
rPois  .         Gourm    .     (no helmet)
rElec  .         Spirit   .     (no cloak)
rCorr  .         Warding  .     (no gloves)
rMut   .         Stasis   .     (no boots)
MR     .....                    (no amulet)
Stlth  ++........               (no ring)
                                (no ring)

@: not resistant to hostile enchantments, unstealthy
A: no striking features
a: Renounce Religion


You were on level 4 of the Dungeon.
You worshipped Vehumet.
Vehumet was noncommittal.
You were near starving.

You visited 2 branches of the dungeon, and saw 6 of its levels.

You collected 212 gold pieces.

Inventory:

Hand weapons
 e - a cursed -3 mace (weapon)
   (You took it off Robin on level 2 of the Dungeon)
Armour
 a - a +1 robe (worn)
 k - a +0 helmet
   (You took it off Robin on level 2 of the Dungeon)
 p - a +2 pair of gloves
   (You found it on level 2 of the Dungeon)
Jewellery
 q - an uncursed amulet of resist mutation {unknown}
   (You found it on level 2 of the Dungeon)
Magical devices
 l - a wand of teleportation (0)
   (You took it off Robin on level 2 of the Dungeon)
Scrolls
 h - 4 scrolls of identify
 j - a scroll of blinking {unknown}
 n - a scroll of magic mapping {unknown}
 o - a scroll of noise {unknown}
 r - 3 scrolls of teleportation {unknown}
 t - a scroll of amnesia {unknown}
 y - a scroll of fear {unknown}
 B - 2 scrolls of recharging {unknown}
Potions
 d - a potion of haste
 i - 2 potions of agility {unknown}
 m - a potion of cancellation {unknown}
 s - a potion of restore abilities {unknown}
 u - a potion of poison {unknown}
 v - a potion of brilliance {unknown}
 w - 3 potions of invisibility
 x - 2 potions of curing {unknown}
 A - 2 potions of lignification {unknown}
Books
 c - a book of Conjurations
 C - a book of the Dragon {@w0}
   (You found it on level 4 of the Dungeon)
Comestibles
 b - 2 bread rations {@e1}
 f - 3 meat rations {@e2}
 g - 2 slices of pizza
 z - 2 fruits


   Skills:
 - Level 2.4 Dodging
 - Level 2.4 Stealth
 - Level 3.0 Spellcasting
 + Level 9.8 Conjurations


You had 2 spell levels left.
You knew the following spells:

 Your Spells              Type           Power        Failure   Level  Hunger
a - Magic Dart            Conj           ####         1%          1    None
b - Iskenderun's Mystic   Conj           #####...     1%          4    ####...
t - Iskenderun's Battles  Conj/Chrm      ###.....     50%         5    ######.


Dungeon Overview and Level Annotations

Branches:
Dungeon (5/15)             Temple (1/1) D:4

Altars:
Gozag
Nemelex Xobeh
Qazlal
Ru
Vehumet
Yredelemnul


Message History

A jackal comes into view.
There is a stone staircase leading up here.
You climb upwards.
The sky beast hits you. The sky beast shocks you.
There is a stone staircase leading down here.
You take 8 damage, and have 28/36 hp.
MASSIVE DAMAGE!!
The orb of energy hits the sky beast.
The orb of energy explodes!
* * * LOW MAGIC WARNING * * *
The sky beast hits you. The sky beast shocks you.
You take 8 damage, and have 20/36 hp.
MASSIVE DAMAGE!!
You now have 3/20 mp.
The sky beast flickers out of sight!
Deactivating autopickup; reactivate with Ctrl-A.
Something barely misses you.
There is an open door here.
* * * LOW MAGIC WARNING * * *
A sky beast appears from thin air!
Reactivating autopickup.
You now have 2/20 mp.
You see here 22 stones.
There is an open door here.
The orb of energy misses the sky beast.
* * * LOW MAGIC WARNING * * *
You are feeling hungry.
The sky beast hits you. The sky beast shocks you.
You take 7 damage, and have 17/36 hp.
You now have 1/20 mp.
A bat comes into view.
There is an open door here.
The bat barely misses you. The bat hits you.
You take 1 damage, and have 17/36 hp.
You barely miss the sky beast. The bat closely misses you.
The sky beast hits you. The sky beast shocks you.
* * * LOW HITPOINT WARNING * * *
You take 9 damage, and have 8/36 hp.
MASSIVE DAMAGE!!
The bat misses you. The bat closely misses you. The bat barely misses you.
The bat completely misses you. The bat closely misses you.
The bat hits you but does no damage. The bat barely misses you.
The bat hits you.
* * * LOW HITPOINT WARNING * * *
You take 1 damage, and have 8/36 hp.
The orb of energy hits the bat.
You kill the bat!
Vehumet accepts your kill.
The orb of energy explodes!
The mystic blast hits the sky beast.
* * * LOW MAGIC WARNING * * *
You now have 0/20 mp.
The sky beast hits you but does no damage.
The sky beast flickers out of sight!
Deactivating autopickup; reactivate with Ctrl-A.
The orb of energy hits something.
* * * LOW MAGIC WARNING * * *
You are feeling very hungry.
You now have 2/20 mp.
A sky beast appears from thin air!
Reactivating autopickup.
The sky beast flickers out of sight!
Deactivating autopickup; reactivate with Ctrl-A.
A quokka comes into view.
The quokka bites you but does no damage.
The quokka bites you.
You take 1 damage, and have 12/36 hp.
The quokka bites you.
* * * LOW HITPOINT WARNING * * *
You take 2 damage, and have 10/36 hp.
The quokka bites you but does no damage.
A sky beast appears from thin air!
Reactivating autopickup.
The quokka barely misses you.
There is an open door here.
The quokka bites you.
You take 1 damage, and have 11/36 hp.
The quokka barely misses you.
There is an open door here.
The quokka closely misses you. The quokka misses you. The quokka bites you.
* * * LOW HITPOINT WARNING * * *
There is a stone staircase leading down, spattered with blood here.
You take 4 damage, and have 9/36 hp.
The orb of energy misses the quokka.
The orb of energy hits the sky beast.
The quokka bites you.
* * * LOW HITPOINT WARNING * * *
The sky beast flickers out of sight!
Deactivating autopickup; reactivate with Ctrl-A.
You take 3 damage, and have 6/36 hp.
You now have 5/20 mp.
The orb of energy hits the quokka.
You kill the quokka!
Vehumet accepts your kill.
* * * LOW MAGIC WARNING * * *
You are near starving!
You now have 1/20 mp.
Something hits you.
* * * LOW HITPOINT WARNING * * *
Something shocks you.
You die...

#### ######## ####...
#######......###.##.##
#.....#....#.##...#.#
#.###@#.............#
#.# #.>†...#.##...###
#.###.#(####.###.##
#.....#......# #.#
###.########## #.# #.#
##'## #.# ##...##
#.#### ##.....##
#.##.## ##.......##


There were no monsters in sight!

Vanquished Creatures
  A scorpion (D:4)
  A giant frog zombie (D:5)
  An orc priest (D:5)
  A gnoll shaman (D:5)
  An iguana (D:5)
  2 hounds (D:4)
  3 worker ants
  Ijyb (D:5)
  Robin (D:2)
  9 gnolls
  5 adders
  2 giant mites (D:3)
  9 worms
  4 giant geckos
  An ooze (D:3)
  11 orcs
  A ball python (D:1)
  A bat skeleton (D:4)
  A bat zombie (D:5)
  4 giant cockroaches
  11 hobgoblins
  6 jackals
  9 kobolds
  A quokka (D:4)
  13 bats
  8 giant newts
  21 goblins
  13 rats
  A rat zombie (D:5)
  A spectral orc (D:4)
144 creatures vanquished.

Notes
Turn   | Place    | Note
--------------------------------------------------------------
     0 | D:1      | Pikaro, the Deep Elf Conjurer, began the quest for the Orb.
     0 | D:1      | Reached XP level 1. HP: 10/10 MP: 5/5
   216 | D:1      | Reached XP level 2. HP: 15/15 MP: 1/8
   289 | D:1      | Reached skill level 5 in Conjurations
  1245 | D:2      | Reached XP level 3. HP: 19/19 MP: 8/10
  1349 | D:2      | Noticed Robin
  1811 | D:2      | Reached skill level 6 in Conjurations
  1934 | D:2      | Killed Robin
  1934 | D:2      | Reached XP level 4. HP: 24/24 MP: 0/13
  3239 | D:3      | Learned a level 4 spell: Iskenderun's Mystic Blast
  3282 | D:3      | Reached skill level 7 in Conjurations
  3282 | D:3      | Reached XP level 5. HP: 28/28 MP: 11/16
  3555 | D:3      | Found a sacrificial altar of Ru.
  4280 | D:3      | Reached skill level 8 in Conjurations
  4297 | D:3      | Reached XP level 6. HP: 32/32 MP: 3/18
  4521 | D:3      | Found an opulent altar of Gozag.
  4522 | D:3      | Found a sparkling altar of Nemelex Xobeh.
  5244 | D:3      | Found an opulent altar of Gozag.
  5245 | D:3      | Found a sparkling altar of Nemelex Xobeh.
  5343 | D:3      | Found a sacrificial altar of Ru.
  6114 | D:4      | Found a staircase to the Ecumenical Temple.
  6126 | Temple   | Entered the Ecumenical Temple
  6160 | Temple   | Became a worshipper of Vehumet
  6213 | D:4      | Found a stormy altar of Qazlal.
  6258 | D:4      | Found a basalt altar of Yredelemnul.
  6444 | D:4      | Learned a level 5 spell: Iskenderun's Battlesphere
  6789 | D:4      | Found a stormy altar of Qazlal.
  6952 | D:4      | Found a staircase to the Ecumenical Temple.
  7055 | D:4      | Found a basalt altar of Yredelemnul.
  7505 | D:5      | Entered Level 5 of the Dungeon
  7554 | D:4      | Reached skill level 9 in Conjurations
  7554 | D:4      | HP: 4/32 [sky beast (6)]
  7864 | D:5      | Noticed Ijyb
  8047 | D:5      | Reached XP level 7. HP: 27/36 MP: 10/20
  8144 | D:5      | Killed Ijyb
  8502 | D:4      | HP: 8/36 [sky beast (5)]
  8509 | D:4      | HP: 8/36 [bat (1)]
  8587 | D:4      | HP: 9/36 [quokka (4)]
  8591 | D:4      | Slain by a sky beast

Action                   |  1- 3 |  4- 6 |  7- 9 || total
-------------------------+-------+-------+-------++-------
Melee: Unarmed           |     1 |       |       ||     1
       Mace              |       |       |     3 ||     3
 Cast: Magic Dart        |    87 |   243 |    38 ||   368
       Iskenderun's Myst |       |     6 |    15 ||    21
  Use: Scroll            |     1 |     2 |       ||     3
       Potion            |       |     1 |       ||     1
  Eat: Chunk             |     3 |    14 |     3 ||    20
       Bread ration      |       |     1 |       ||     1
       Fruit             |       |     1 |       ||     1

Vault maps used:
D:1:      dpeg_arrival_water_temple_mockup
D:2:      uniq_robin
D:3:      nicolae_ru_sacrificial_ziggurat, grunt_temple_overflow_opulence,
          kennysheep_generic_room_7
D:4:      yredelemnul_forgotten_temple_becter, nicolae_qazlal_general_emergency,
          minmay_temple_entry_glassed_door
D:5:      lemuel_zombie_altar_kikubaaqudgha, elyvilon_altar_5, first_bread,
          uniq_grinder, uniq_iyjb, uniq_blork_the_orc
Temple:   nicolae_temple_figure_zero

Table legend:
 A = Turns spent in this place as a percentage of turns spent in the entire game.
 B = Non-inter-level travel turns spent in this place as a percentage of non-inter-level travel turns spent in the entire game.
 C = Inter-level travel turns spent in this place as a percentage of turns spent in this place.
 D = Turns resting spent in this place as a percentage of non-inter-level travel turns spent in this place.
 E = Turns spent auto-exploring this place as a percentage of non-inter-level travel turns spent in this place.
 F = Non-inter-level travel turns spent in this place divided by the number of levels of this place that you've seen.
                   A       B       C       D       E      F
               +-------+-------+-------+-------+-------+----------------------
         Total | 100.0 | 100.0 |   0.7 |  16.2 |  10.7 | 235.8
       Dungeon |  98.0 |  98.0 |   0.7 |  16.4 |  10.8 | 277.4
        Temple |   2.0 |   2.0 |   0.0 |   7.1 |   3.6 |  28.0
               +-------+-------+-------+-------+-------+----------------------

Table legend:
 A = Kills in this place as a percentage of kills in entire the game.
 B = Kills by you in this place as a percentage of kills by you in the entire game.
 C = Kills by friends in this place as a percentage of kills by friends in the entire game.
 D = Other kills in this place as a percentage of other kills in the entire game.
 E = Experience gained in this place as a percentage of experience gained in the entire game.
 F = Experience gained in this place divided by the number of levels of this place that you have seen.
                   A       B       C       D       E      F
               +-------+-------+-------+-------+-------+----------------------
         Total | 100.0 | 100.0 |  -nan |  -nan | 100.0 | 155.8
       Dungeon | 100.0 | 100.0 |  -nan |  -nan | 100.0 | 187.0
               +-------+-------+-------+-------+-------+----------------------
